AoeStats
← simirfan

Arena

511264874Analyzed
3v3 RM · 15d ago on Oct 4, 2026· 74m 37s· 6 players
Game mode
Random Map
Map size
Normal (6 player)
Population
200
Speed
Normal
Resources
Standard
Victory
Conquest
Starting age
Dark Age
Ending age
Imperial Age
RankedLock teamsTeams togetherTeam positionsShared explorationLock speedFull tech treeHidden civsTurbo modeCheats
Victory
Defeat
🇹🇷 Italians · Türkiye
1188
+14
🇹🇷 Bohemians · Türkiye
1167
+15
🇹🇷 Goths · Türkiye
1160
+15
vs
🇨🇭 Danes · Switzerland
1196
-17
🇫🇮 Ethiopians · Finland
1133
-14
🇹🇼 Wei · Taiwan
1094
-13
TFS|Nappa
10:56 Feudal Age
14:35 Castle Age
12:59 Double-Bit Axe
13:38 Loom
15:59 Bow Saw
15:48 Fletching
16:42 Crossbowman
22:41 Bodkin Arrow
24:15 Padded Archer Armor
31:47 Wheelbarrow
ramzih
10:32 Feudal Age
11:51 Double-Bit Axe
12:14 Horse Collar
14:48 Castle Age
14:02 Stone Mining
15:48 Bow Saw
21:01 Heavy Plow
23:20 Wheelbarrow
22:32 Loom
22:33 Town Watch
24:10 Gold Mining
24:53 Hand Cart
25:51 Gold Shaft Mining
25:22 Scale Mail Armor
25:33 Forging
26:20 Chain Mail Armor
30:00 Imperial Age
28:27 Town Patrol
29:14 Iron Casting
30:06 Ballistics
29:37 Fletching
31:44 Chemistry
30:07 Onager
31:20 Plate Mail Armor
30:39 Arson
30:54 Squires
30:40 Gambesons
32:01 Conscription
33:12 Siege Onager
34:44 Elite Jomsviking
35:32 Bodkin Arrow
36:42 Blast Furnace
38:09 Bracer
40:15 Padded Archer Armor
40:14 Cranequins
41:01 Thumb Ring
40:20 Heavy Mounted Crossbowman
41:53 Leather Archer Armor
41:47 Siege Engineers
46:21 Elite Varangian Guard
48:50 Hamask
54:58 Elite Skirmisher
56:49 Caravan
73:01 Ring Archer Armor
BooM
10:49 Feudal Age
12:17 Double-Bit Axe
15:02 Castle Age
14:16 Gold Mining
15:36 Stone Mining
15:46 Horse Collar
18:18 Pikeman
23:04 Wheelbarrow
25:01 Husbandry
25:10 Heavy Plow
25:48 Bloodlines
28:46 Gold Shaft Mining
28:26 Scale Barding Armor
28:31 Forging
32:06 Imperial Age
29:54 Hand Cart
31:39 Squires
32:19 Iron Casting
32:29 Heavy Hei Guang Cavalry
33:56 Ming Guang Armor
33:52 Conscription
34:09 Bow Saw
36:54 Treadmill Crane
36:53 Light Cavalry
37:14 Halberdier
39:39 Hussar
41:49 Chain Barding Armor
42:29 Blast Furnace
46:05 Man-at-Arms
47:46 Caravan
48:34 Parthian Tactics
49:22 Chemistry
48:22 Fletching
53:09 Ballistics
52:47 Bodkin Arrow
52:52 Padded Archer Armor
59:15 Long Swordsman
61:48 Two-Handed Swordsman
63:29 Scale Mail Armor
64:00 Crop Rotation
63:37 Tuntian
72:12 Chain Mail Armor
M.S.
2:59 Loom
13:07 Feudal Age
17:02 Castle Age
15:22 Double-Bit Axe
15:19 Horse Collar
17:30 Wheelbarrow
20:08 Town Watch
24:46 Bow Saw
25:26 Heavy Plow
28:19 Fervor
30:19 Chemistry
34:04 Imperial Age
31:53 Hand Cart
32:19 Town Patrol
32:34 Pikeman
33:14 Squires
33:00 Arson
34:01 Fortified Wall
33:23 Elite Skirmisher
34:05 Padded Archer Armor
34:17 Forging
34:08 Scale Mail Armor
33:59 Fletching
36:14 Two-Man Saw
35:36 Wagenburg Tactics
37:51 Iron Casting
37:31 Chain Mail Armor
37:12 Bodkin Arrow
37:32 Leather Archer Armor
38:10 Siege Engineers
38:26 Ballistics
39:45 Blast Furnace
39:01 Leather Archer Armor
39:11 Murder Holes
39:45 Halberdier
42:51 Plate Mail Armor
42:23 Bracer
42:28 Scale Barding Armor
43:18 Elite Hussite Wagon
46:41 Houfnice
50:15 Chain Barding Armor
50:25 Ring Archer Armor
64:50 Bombard Tower
64:42 Masonry
64:39 Siphons
64:24 Guard Tower
64:20 Arrowslits
72:49 Caravan
73:20 Coinage
73:04 Guilds
73:33 Architecture
Geosim
11:33 Feudal Age
12:14 Double-Bit Axe
15:27 Castle Age
13:11 Horse Collar
13:46 Gold Mining
13:51 Loom
15:34 Wheelbarrow
17:07 Bow Saw
17:44 Heavy Plow
17:37 Stone Mining
23:13 Hand Cart
24:44 Fortified Wall
24:51 Masonry
27:07 Fletching
27:18 Padded Archer Armor
27:58 Ballistics
31:22 Imperial Age
29:54 Leather Archer Armor
29:37 Bodkin Arrow
30:06 Forging
29:56 Scale Mail Armor
29:38 Treadmill Crane
30:57 Thumb Ring
30:54 Scale Mail Armor
31:53 Squires
31:38 Arson
33:12 Chemistry
32:43 Architecture
32:09 Murder Holes
32:29 Bracer
33:34 Conscription
33:37 Silk Road
33:13 Arrowslits
34:41 Ring Archer Armor
34:46 Iron Casting
34:27 Chain Mail Armor
34:51 Elite Genoese Crossbowman
36:04 Light Cavalry
36:56 Bloodlines
36:46 Husbandry
37:04 Scale Barding Armor
38:01 Blast Furnace
38:04 Hussar
40:40 Hoardings
42:27 Plate Mail Armor
42:18 Chain Barding Armor
47:18 Plate Barding Armor
46:51 Elite Skirmisher
52:35 Two-Man Saw
52:09 Crop Rotation
53:45 Caravan
61:08 Capped Ram
62:39 Guilds
63:01 Coinage
71:15 Banking
simirfan
0:27 Loom
12:17 Feudal Age
13:04 Double-Bit Axe
13:02 Horse Collar
13:18 Gold Mining
21:03 Castle Age
18:45 Man-at-Arms
19:47 Stone Mining
20:04 Scale Mail Armor
20:16 Forging
21:31 Long Swordsman
22:25 Caravan
24:17 Heavy Plow
36:29 Imperial Age
33:46 Town Watch
34:15 Squires
34:17 Pikeman
38:30 Chain Mail Armor
38:51 Iron Casting
38:31 Halberdier
38:32 Two-Handed Swordsman
49:32 Wheelbarrow
61:47 Town Patrol
62:23 Hand Cart
62:49 Capped Ram
64:18 Chain Mail Armor
64:39 Iron Casting
66:18 Crop Rotation
66:02 Bow Saw
69:37 Anarchy
69:58 Conscription
69:09 Sappers
69:29 Champion
71:22 Padded Archer Armor
71:13 Fletching
71:29 Scale Barding Armor
Connection lost

Rejoining the realm…

Still unreachable

The connection could not be restored.

Session expired

The server has moved on; the page needs a fresh start.